 Dungeon Crawl Stone Soup version 0.15-a0-1015-g702813b (webtiles) character file.

38 ReteAZ the Skirmisher (level 3, 36/37 HPs)
             Began as an Ogre Arcane Marksman on Apr 29, 2014.
             Quit the game on Level 1 of the Dungeon on May 26, 2014.
             The game lasted 00:06:31 (1504 turns).

ReteAZ the Skirmisher (Ogre Arcane Marksman)        Turns: 1504, Time: 00:06:31

HP  36/37        AC  3     Str 17      XL: 3   Next: 43%
MP   4/4         EV 10     Int 12      God:
Gold 12          SH  0     Dex  9      Spells:  1 memorised,  3 levels left

rFire  . . .     SeeInvis .     (no weapon)
rCold  . . .     Clarity  .     a - +0 robe
rNeg   . . .     Conserve .     (shield restricted)
rPois  .         rCorr    .     (helmet restricted)
rElec  .         rRot     .     (no cloak)
SustAb .         Spirit   .     (gloves unavailable)
rMut   .         Warding  .     (boots unavailable)
Gourm  .         Stasis   .     (no amulet)
MR     .....                    (no ring)
                                (no ring)

@: not resistant to hostile enchantments, very unstealthy
A: unfitting armour, tough skin 1
a: no special abilities


You were on level 1 of the Dungeon.
You were not hungry.

You visited 1 branch of the dungeon, and saw 2 of its levels.

You collected 12 gold pieces.

Inventory:

Hand weapons
 i - a +0,+0 club
Missiles
 b - 4 large rocks (quivered)
 c - 2 throwing nets
 e - 3 darts of flame
 j - 13 poisoned needles
Armour
 a - a +0 robe (worn)
Comestibles
 f - 2 meat rations
Scrolls
 h - a scroll of noise {unknown}
 o - a scroll of remove curse {unknown}
Potions
 g - a potion of curing {unknown}
 k - a potion of might {unknown}
 l - a potion of magic {unknown}
Books
 d - a book of Debilitation

   Spells                             Type                      Level
   *Corona                            Hexes                        1
   Slow                               Hexes                        2
   Inner Flame                        Hexes/Fire                   3
   Enslavement                        Hexes                        4
   Cause Fear                         Hexes                        4
   Leda's Liquefaction                Hexes/Earth                  4


   Skills:
 + Level 3.3 Fighting
 + Level 2.2 Maces & Flails
 - Level 2.2 Throwing
 - Level 1.7 Dodging
 - Level 1.2 Spellcasting
 - Level 2.2 Hexes


You had 3 spell levels left.
You knew the following spells:

 Your Spells              Type           Power        Failure   Level  Hunger
a - Corona                Hex            #......      12%         1    ##.....


Dungeon Overview and Level Annotations

Branches:
Dungeon (2/15)

Altars:


Innate Abilities, Weirdness & Mutations

You are too large for most types of armour.
You have tough skin (AC +1).


Message History

You are feeling hungry.
You start resting.
Eat a chunk of bat flesh? (ye/n/q/i?) This raw flesh tastes unpleasant.
You continue eating. x2
Save game and exit?
Welcome back, ReteAZ the Ogre Arcane Marksman.
Press ? for a list of commands and other information.
You see here a club.
You see here an adder skeleton.
You see here an adder skeleton.
There is a stone staircase leading down here.
You see here a club.
Okay, then.
Unknown command.
Sorry, you're not good enough to have a special ability.
Autopickup is now off.
Autopickup is now on.
Unknown command.
Are you sure you want to abandon this character and quit the game? (Confirm with "yes".)

.## #....##...# #....# .#
#....##...# #....# .#
###########...#### #...## .####
#................# #...# ....#
#....######...##.# ###...# ....#
#......####.####.# #....## ....#
#............###.###.....## #####
####....##.%.##............ #...#
##...##@>.##..........## #...#
#...#######........###
#...############..[##....#####
...%...................########
....############...#...####...###
....# #####............. ....#
#...#......#.. #####
#####...####.. #...# ##..


There were no monsters in sight!

Vanquished Creatures
  An adder (D:1)
  2 giant geckos (D:1)
  2 ball pythons (D:1)
  2 bats (D:1)
  2 giant cockroaches (D:1)
  3 goblins (D:1)
  5 hobgoblins (D:1)
  3 kobolds (D:1)
  2 giant newts (D:1)
  4 rats (D:1)
26 creatures vanquished.

Notes
Turn   | Place    | Note
--------------------------------------------------------------
     0 | D:1      | ReteAZ, the Ogre Arcane Marksman, began the quest for the Orb.
     0 | D:1      | Reached XP level 1. HP: 19/19 MP: 2/2
   317 | D:1      | Reached XP level 2. HP: 25/29 MP: 3/3
   459 | D:1      | Reached skill level 1 in Maces & Flails
   682 | D:1      | Reached skill level 3 in Fighting
   937 | D:1      | Reached XP level 3. HP: 25/37 MP: 2/4
  1498 | D:1      | Upgraded the game from 0.15-a0-288-gf1bfef0 to 0.15-a0-1015-g702813b
  1504 | D:1      | Quit the game

Action                   || total
-------------------------++-------
Melee: Unarmed           ||    89
       Club              ||    68
Throw: Large rock        ||     6
       Dart              ||     4
 Cast: Corona            ||    17
